Workbook
Name _1Excel_BuiltIn_Print_Area_1_1_1: 'Прил 1'!$A$1:$C$29
Name _2Excel_BuiltIn_Print_Area_7_1_1: #REF!
Name _2Excel_BuiltIn_Print_Area_7_1_1: #REF!
Name _Toc105952698: 'Прил 3 '!$A$2
Name _Toc105952698: #REF!
Name Excel_BuiltIn_Print_Area_1: 'Прил 1'!$A$1:$C$29
Name Excel_BuiltIn_Print_Area_1_1: 'Прил 1'!$A$1:$C$29
Name Excel_BuiltIn_Print_Area_2: #REF!
Name Excel_BuiltIn_Print_Area_2: #REF!
Name Excel_BuiltIn_Print_Area_3: #REF!
Name Excel_BuiltIn_Print_Area_3_1: #REF!
Name Excel_BuiltIn_Print_Area_3_1: #REF!
Name Excel_BuiltIn_Print_Area_4: #REF!
Name Excel_BuiltIn_Print_Area_4: #REF!
Name Excel_BuiltIn_Print_Area_5: 'Прил 3 '!$A$1:$I$36
Name Excel_BuiltIn_Print_Area_5: #REF!
Name Excel_BuiltIn_Print_Area_5_1: 'Прил 3 '!$A$1:$I$36
Name Excel_BuiltIn_Print_Area_5_1: #REF!
Name Excel_BuiltIn_Print_Area_6: 'Прил 2'!$A$1:$G$37
Name Excel_BuiltIn_Print_Area_6_1: 'Прил 2'!$A$1:$G$37
Name Excel_BuiltIn_Print_Area_7: #REF!
Name Excel_BuiltIn_Print_Area_7: #REF!
Name Excel_BuiltIn_Print_Area_7_1: #REF!
Name Excel_BuiltIn_Print_Area_7_1: #REF!

Sheet Прил 1
C1: Приложение 1 к решению Совета депутатов Паевского сельского поселения "О бюджете Паевского сельского поселения Кадошкинского муниципального района Республики Мордовия на 2022 год и на плановый период 2023 и 2024 годов"
A2: ДОХОДЫ БЮДЖЕТА ПАЕВСКОГО СЕЛЬСКОГО ПОСЕЛЕНИЯ КАДОШКИНСКОГО МУНИЦИПАЛЬНОГО РАЙОНА РЕСПУБЛИКИ МОРДОВИЯ
C3: (тыс.рублей)
A4: Код бюджетной классификации доходов бюджета | B4: Наименование доходов | C4: Сумма
C5: 2022 год | D5: 2023 год | E5: 2024 год
A6: 1 | B6: 2 | C6: 3 | D6: 4 | E6: 5
B7: ВСЕГО ДОХОДОВ | C7: =SUM(C8+C21) -> 1397 | D7: =SUM(D8+D21) -> 1027.4 | E7: =SUM(E8+E21) -> 1103.2
A8: 00010000000000000000 | B8: НАЛОГОВЫЕ И НЕНАЛОГОВЫЕ ДОХОДЫ | C8: =SUM(C9+C12+C14+C16+C19) -> 493.9 | D8: =SUM(D9+D12+D14+D16+D19) -> 475.7 | E8: =SUM(E9+E12+E14+E16+E19) -> 511.6
A9: 00010100000000000000 | B9: НАЛОГИ НА ПРИБЫЛЬ, ДОХОДЫ | C9: =SUM(C10) -> 48 | D9: =SUM(D10) -> 23 | E9: =SUM(E10) -> 52
A10: 00010102000010000110 | B10: Налог на доходы физических лиц | C10: =SUM(C11) -> 48 | D10: =SUM(D11) -> 23 | E10: =SUM(E11) -> 52
A11: 18210102010010000110 | B11: Налог на доходы физических лиц с доходов, источником которых является налоговый агент, за исключением доходов, в отношении которых исчисление и уплата налога осуществляются в соответствии со статьями 227, 2271 и 228 Налогового кодекса Российской Федерации | C11: 48 | D11: 23 | E11: 52
A12: 00010500000000000000 | B12: НАЛОГИ НА СОВОКУПНЫЙ ДОХОД | C12: =SUM(C13) -> 7 | D12: =SUM(D13) -> 7 | E12: =SUM(E13) -> 7
A13: 18210503010010000110 | B13: Единый сельскохозяйственный налог | C13: 7 | D13: 7 | E13: 7
A14: 00010600000000000000 | B14: НАЛОГИ НА ИМУЩЕСТВО | C14: =SUM(C15) -> 74 | D14: =SUM(D15) -> 78 | E14: =SUM(E15) -> 80
A15: 18210601030100000110 | B15: Налог на имущество физических лиц, взимаемый по ставкам, применяемым к объектам налогообложения, расположенным в границах сельских поселений | C15: 74 | D15: 78 | E15: 80
A16: 00010606000000000110 | B16: Земельный налог | C16: =SUM(C17+C18) -> 320 | D16: =SUM(D17+D18) -> 321 | E16: =SUM(E17+E18) -> 324
A17: 18210606033100000110 | B17: Земельный налог с организаций, обладающих земельным участком, расположенным в границах сельских поселений | C17: 85 | D17: 85 | E17: 85
A18: 18210606043100000110 | B18: Земельный налог с физических лиц, обладающих земельным участком, расположенным в границах сельских поселений | C18: 235 | D18: 236 | E18: 239
A19: 00011100000000000000 | B19: ДОХОДЫ ОТ ИСПОЛЬЗОВАНИЯ ИМУЩЕСТВА, НАХОДЯЩЕГОСЯ В ГОСУДАРСТВЕННОЙ И МУНИЦИПАЛЬНОЙ СОБСТВЕННОСТИ | C19: =SUM(C20) -> 44.9 | D19: =SUM(D20) -> 46.7 | E19: =SUM(E20) -> 48.6
A20: 91811105035100000120 | B20: Доходы от сдачи в аренду имущества, находящегося в оперативном управлении органов управления поселений и созданных ими учреждений (за исключением имущества муниципальных бюджетных и автономных учреждений) | C20: 44.9 | D20: 46.7 | E20: 48.6
A21: 00020200000000000000 | B21: БЕЗВОЗМЕЗДНЫЕ ПОСТУПЛЕНИЯ ОТ ДРУГИХ БЮДЖЕТОВ БЮДЖЕТНОЙ СИСТЕМЫ РОССИЙСКОЙ ФЕДЕРАЦИИ | C21: =SUM(C25+C28+C22) -> 903.1 | D21: =SUM(D25+D28+D22) -> 551.7 | E21: =SUM(E25+E28+E22) -> 591.6
A22: 00020210000000000150 | B22: Дотации бюджетам бюджетной системы Российской Федерации | C22: =C23+C24 -> 426.1 | D22: =D23+D24 -> 73.8 | E22: =E23+E24 -> 88.7
A23: 91820215001100000150 | B23: Дотации бюджетам сельских поселений на выравнивание бюджетной обеспеченности | C23: 76.9 | D23: 73.8 | E23: 88.7
A24: 91820215002100000150 | B24: Дотации бюджетам сельских поселений на поддержку мер по обеспечению сбалансированности бюджетов | C24: 349.2 | D24: 0 | E24: 0
A25: 00020230000000000150 | B25: Субвенции бюджетам бюджетной системы Российской Федерации | C25: =SUM(C26+C27) -> 89.9 | D25: =SUM(D26+D27) -> 92.9 | E25: =SUM(E26+E27) -> 96.1
A26: 91820230024100000150 | B26: Субвенции на осуществление государственных полномочий Республики Мордовия по определению перечня должностных лиц, уполномоченных составлять протоколы об административных правонарушениях, предусмотренных Законом Республики Мордовия от 15 июня 2015 года № 38-З "Об административной ответственности на территории Республики Мордовия" | C26: 0.1 | D26: 0.1 | E26: 0.1
A27: 91820235118100000150 | B27: Субвенции бюджетам сельских поселений на осуществление первичного воинского учета на территориях, где отсутствуют военные комиссариаты | C27: 89.8 | D27: 92.8 | E27: 96
A28: 00020240000000000150 | B28: Иные межбюджетные трансферты | C28: =SUM(C29) -> 387.1 | D28: =SUM(D29) -> 385 | E28: =SUM(E29) -> 406.8
A29: 91820240014100000150 | B29: Межбюджетные трансферты, передаваемые бюджетам сельских поселений из бюджетов муниципальных районов на осуществление части полномочий по решению вопросов местного значения в соответствии с заключенными соглашениями | C29: =354.6+25.4+7.1 -> 387.1 | D29: =359.6+25.4 -> 385 | E29: =381.4+25.4 -> 406.8

Sheet Прил 2
J1: Приложение 2 к решению Совета депутатов Паевского сельского поселения "О бюджете Паевского сельского поселения Кадошкинского муниципального района Республики Мордовия на 2022 год и на плановый период 2023 и 2024 годов"
A2: ВЕДОМСТВЕННАЯ СТРУКТУРА РАСХОДОВ БЮДЖЕТА ПАЕВСКОГО СЕЛЬСКОГО ПОСЕЛЕНИЯ КАДОШКИНСКОГО МУНИЦИПАЛЬНОГО РАЙОНА РЕСПУБЛИКИ МОРДОВИЯ НА 2022 ГОД И НА ПЛАНОВЫЙ ПЕРИОД 2023 И 2024 ГОДОВ
L3: (тыс. рублей)
A4: Наименование | B4: Адм | C4: Рз | D4: Прз | E4: Цср | I4: Вр | J4: Сумма
J5: 2022 год | K5: 2023 год | L5: 2024 год
A6: 1 | B6: 2 | C6: 3 | D6: 4 | E6: 5 | F6: 6 | G6: 7 | H6: 8 | I6: 9 | J6: 10 | K6: 11 | L6: 12
A7: ВСЕГО | J7: =J8 -> 1397.04 | K7: =K8 -> 1027.4 | L7: =L8 -> 1103.2
A8: Администрация Паевского сельского поселения Кадошкинского муниципального района Республики Мордовия | B8: 918 | J8: =J9+J51+J66+J73+J89+J96+J60 -> 1397.04 | K8: =K9+K51+K66+K73+K89+K96+K60+K103 -> 1027.4 | L8: =L9+L51+L66+L73+L89+L96+L60+L103 -> 1103.2
A9: Общегосударственные вопросы | B9: 918 | C9: 01 | J9: =J10+J16+J32+J38 -> 756.84 | K9: =K10+K16+K32+K38 -> 440.1 | L9: =L10+L16+L32+L38 -> 470.9
A10: Функционирование высшего должностного лица субъекта Российской Федерации и муниципального образования | B10: 918 | C10: 01 | D10: 02 | J10: =J11 -> 223.24 | K10: =K11 -> 134.5 | L10: =L11 -> 134.3
A11: Обеспечение деятельности администрации | B11: 918 | C11: 01 | D11: 02 | E11: 65 | J11: =J12 -> 223.24 | K11: =K12 -> 134.5 | L11: =L12 -> 134.3
A12: Высшее должностное лицо | B12: 918 | C12: 01 | D12: 02 | E12: 65 | F12: 1 | J12: =J13 -> 223.24 | K12: =K13 -> 134.5 | L12: =L13 -> 134.3
A13: Расходы на выплаты по оплате труда высшего должностного лица | B13: 918 | C13: 01 | D13: 02 | E13: 65 | F13: 1 | G13: 00 | H13: 41150 | J13: =J14 -> 223.24 | K13: =K14 -> 134.5 | L13: =L14 -> 134.3
A14: Расходы на выплаты персоналу в целях обеспечения выполнения функций государственными (муниципальными) органами, казенными учреждениями, органами управления государственными внебюджетными фондами | B14: 918 | C14: 01 | D14: 02 | E14: 65 | F14: 1 | G14: 00 | H14: 41150 | I14: 100 | J14: =J15 -> 223.24 | K14: =K15 -> 134.5 | L14: =L15 -> 134.3
A15: Расходы на выплаты персоналу государственных (муниципальных) органов | B15: 918 | C15: 01 | D15: 02 | E15: 65 | F15: 1 | G15: 00 | H15: 41150 | I15: 120 | J15: 223.24 | K15: 134.5 | L15: 134.3
A16: Функционирование Правительства Российской Федерации, высших органов исполнительной власти субъектов Российской Федерации, местных администраций | B16: 918 | C16: 01 | D16: 04 | J16: =J17+J27 -> 531.1 | K16: =K17+K27 -> 303.1 | L16: =L17+L27 -> 334.1
A17: Обеспечение деятельности администрации | B17: 918 | C17: 01 | D17: 04 | E17: 65 | J17: =J18 -> 531 | K17: =K18 -> 303 | L17: =L18 -> 334
A18: Непрограммные расходы в рамках обеспечения деятельности администрации | B18: 918 | C18: 01 | D18: 04 | E18: 65 | F18: 2 | J18: =J20+J22 -> 531 | K18: =K20+K22 -> 303 | L18: =L20+L22 -> 334
A19: Расходы на выплаты по оплате труда работников органов местного самоуправления | B19: 918 | C19: 01 | D19: 04 | E19: 65 | F19: 2 | G19: 00 | H19: 41110 | J19: =J20 -> 425.3 | K19: =K20 -> 234.4 | L19: =L20 -> 213.6
A20: Расходы на выплаты персоналу в целях обеспечения выполнения функций государственными (муниципальными) органами, казенными учреждениями, органами управления государственными внебюджетными фондами | B20: 918 | C20: 01 | D20: 04 | E20: 65 | F20: 2 | G20: 00 | H20: 41110 | I20: 100 | J20: =J21 -> 425.3 | K20: =K21 -> 234.4 | L20: =L21 -> 213.6
A21: Расходы на выплаты персоналу государственных (муниципальных) органов | B21: 918 | C21: 01 | D21: 04 | E21: 65 | F21: 2 | G21: 00 | H21: 41110 | I21: 120 | J21: 425.3 | K21: 234.4 | L21: 213.6
A22: Расходы на обеспечение функций органов местного самоуправления | B22: 918 | C22: 01 | D22: 04 | E22: 65 | F22: 2 | G22: 00 | H22: 41120 | J22: =J23+J25 -> 105.7 | K22: =K23+K25 -> 68.6 | L22: =L23+L25 -> 120.4
A23: Закупка товаров, работ и услуг для обеспечения государственных (муниципальных) нужд | B23: 918 | C23: 01 | D23: 04 | E23: 65 | F23: 2 | G23: 00 | H23: 41120 | I23: 200 | J23: =J24 -> 95.1 | K23: =K24 -> 42.8 | L23: =L24 -> 94.6
A24: Иные закупки товаров, работ и услуг для обеспечения государственных (муниципальных) нужд | B24: 918 | C24: 01 | D24: 04 | E24: 65 | F24: 2 | G24: 00 | H24: 41120 | I24: 240 | J24: 95.1 | K24: 42.8 | L24: 94.6
A25: Иные бюджетные ассигнования | B25: 918 | C25: 01 | D25: 04 | E25: 65 | F25: 2 | G25: 00 | H25: 41120 | I25: 800 | J25: =J26 -> 10.6 | K25: =K26 -> 25.8 | L25: =L26 -> 25.8
A26: Уплата налогов, сборов и иных платежей | B26: 918 | C26: 01 | D26: 04 | E26: 65 | F26: 2 | G26: 00 | H26: 41120 | I26: 850 | J26: 10.6 | K26: 25.8 | L26: 25.8
A27: Непрограммные расходы главных распорядителей средств бюджета Паевского сельского поселения Кадошкинского муниципального района Республики Мордовия | B27: 918 | C27: 01 | D27: 04 | E27: 89 | J27: =J28 -> 0.1 | K27: =K28 -> 0.1 | L27: =L28 -> 0.1
A28: Непрограммные расходы в рамках обеспечения деятельности главных распорядителей средств бюджета Паевского сельского поселения Кадошкинского муниципального района Республики Мордовия | B28: 918 | C28: 01 | D28: 04 | E28: 89 | F28: 1 | J28: =J29 -> 0.1 | K28: =K29 -> 0.1 | L28: =L29 -> 0.1
A29: Осуществление государственных полномочий Республики Мордовия по определению перечня должностных лиц, уполномоченных составлять протоколы об административных правонарушениях, предусмотренных Законом Республики Мордовия от 15 июня 2015 года № 38-З "Об административной ответственности на территории Республики Мордовия" | B29: 918 | C29: 01 | D29: 04 | E29: 89 | F29: 1 | G29: 00 | H29: 77150 | J29: =J30 -> 0.1 | K29: =K30 -> 0.1 | L29: =L30 -> 0.1
A30: Закупка товаров, работ и услуг для обеспечения государственных (муниципальных) нужд | B30: 918 | C30: 01 | D30: 04 | E30: 89 | F30: 1 | G30: 00 | H30: 77150 | I30: 200 | J30: =J31 -> 0.1 | K30: =K31 -> 0.1 | L30: =L31 -> 0.1
A31: Иные закупки товаров, работ и услуг для обеспечения государственных (муниципальных) нужд | B31: 918 | C31: 01 | D31: 04 | E31: 89 | F31: 1 | G31: 00 | H31: 77150 | I31: 240 | J31: 0.1 | K31: 0.1 | L31: 0.1
A32: Резервные фонды | B32: 918 | C32: 01 | D32: 11 | J32: =J33 -> 1 | K32: =K33 -> 1 | L32: =L33 -> 1
A33: Непрограммные расходы главных распорядителей средств бюджета Паевского сельского поселения Кадошкинского муниципального района Республики Мордовия | B33: 918 | C33: 01 | D33: 11 | E33: 89 | J33: =J34 -> 1 | K33: =K34 -> 1 | L33: =L34 -> 1
A34: Непрограммные расходы в рамках обеспечения деятельности главных распорядителей средств бюджета Паевского сельского поселения Кадошкинского муниципального района Республики Мордовия | B34: 918 | C34: 01 | D34: 11 | E34: 89 | F34: 1 | J34: =J35 -> 1 | K34: =K35 -> 1 | L34: =L35 -> 1
A35: Резервный фонд администрации Паевского сельского поселения Кадошкинского муниципального района Республики Мордовия | B35: 918 | C35: 01 | D35: 11 | E35: 89 | F35: 1 | G35: 00 | H35: 41180 | J35: =J36 -> 1 | K35: =K36 -> 1 | L35: =L36 -> 1
A36: Иные бюджетные ассигнования | B36: 918 | C36: 01 | D36: 11 | E36: 89 | F36: 1 | G36: 00 | H36: 41180 | I36: 800 | J36: =J37 -> 1 | K36: =K37 -> 1 | L36: =L37 -> 1
A37: Резервные средства | B37: 918 | C37: 01 | D37: 11 | E37: 89 | F37: 1 | G37: 00 | H37: 41180 | I37: 870 | J37: 1 | K37: 1 | L37: 1
A38: Другие общегосударственные вопросы | B38: 918 | C38: 01 | D38: 13 | J38: =J39+J43+J47 -> 1.5 | K38: =K39+K43+K47 -> 1.5 | L38: =L39+L43+L47 -> 1.5
A39: Муниципальная программа "Противопожарная безопасность на территории Паевского сельского поселения на 2022-2023г.г." | B39: 918 | C39: 01 | D39: 13 | E39: 08 | J39: =J40 -> 0.5 | K39: =K40 -> 0.5 | L39: =L40 -> 0.5
A40: Мероприятия по обеспечению пожарной безопасности | B40: 918 | C40: 01 | D40: 13 | E40: 08 | F40: 0 | G40: 00 | H40: 42120 | J40: =J41 -> 0.5 | K40: =K41 -> 0.5 | L40: =L41 -> 0.5
A41: Закупка товаров, работ и услуг для обеспечения государственных (муниципальных) нужд | B41: 918 | C41: 01 | D41: 13 | E41: 08 | F41: 0 | G41: 00 | H41: 42120 | I41: 200 | J41: =J42 -> 0.5 | K41: =K42 -> 0.5 | L41: =L42 -> 0.5
A42: Иные закупки товаров, работ и услуг для обеспечения государственных (муниципальных) нужд | B42: 918 | C42: 01 | D42: 13 | E42: 08 | F42: 0 | G42: 00 | H42: 42120 | I42: 240 | J42: 0.5 | K42: 0.5 | L42: 0.5
A43: Антикоррупционная программа Паевского сельского поселения на 2022-2024 годы | B43: 918 | C43: 01 | D43: 13 | E43: 23 | J43: =J44 -> 0.5 | K43: =K44 -> 0.5 | L43: =L44 -> 0.5
A44: Мероприятия по противодействию и профилактике коррупции | B44: 918 | C44: 01 | D44: 13 | E44: 23 | F44: 0 | G44: 0 | H44: 42380 | J44: =J45 -> 0.5 | K44: =K45 -> 0.5 | L44: =L45 -> 0.5
A45: Закупка товаров, работ и услуг для обеспечения государственных (муниципальных) нужд | B45: 918 | C45: 01 | D45: 13 | E45: 23 | F45: 0 | G45: 00 | H45: 42380 | I45: 200 | J45: =J46 -> 0.5 | K45: =K46 -> 0.5 | L45: =L46 -> 0.5
A46: Иные закупки товаров, работ и услуг для обеспечения государственных (муниципальных) нужд | B46: 918 | C46: 01 | D46: 13 | E46: 23 | F46: 0 | G46: 00 | H46: 42380 | I46: 240 | J46: 0.5 | K46: 0.5 | L46: 0.5
A47: Муниципальная программа "Противодействие терроризму и экстремизму на территории Паевского сельского поселения на 2022-2024 годы" | B47: 918 | C47: 01 | D47: 13 | E47: 31 | J47: =J48 -> 0.5 | K47: =K48 -> 0.5 | L47: =L48 -> 0.5
A48: Мероприятия по укреплению общественного порядка и обеспечению общественной безопасности | B48: 918 | C48: 01 | D48: 13 | E48: 31 | F48: 0 | G48: 0 | H48: 42300 | J48: =J49 -> 0.5 | K48: =K49 -> 0.5 | L48: =L49 -> 0.5
A49: Закупка товаров, работ и услуг для обеспечения государственных (муниципальных) нужд | B49: 918 | C49: 01 | D49: 13 | E49: 31 | F49: 0 | G49: 00 | H49: 42300 | I49: 200 | J49: =J50 -> 0.5 | K49: =K50 -> 0.5 | L49: =L50 -> 0.5
A50: Иные закупки товаров, работ и услуг для обеспечения государственных (муниципальных) нужд | B50: 918 | C50: 01 | D50: 13 | E50: 31 | F50: 0 | G50: 00 | H50: 42300 | I50: 240 | J50: 0.5 | K50: 0.5 | L50: 0.5
A51: Национальная оборона | B51: 918 | C51: 02 | J51: =J52 -> 89.8 | K51: =K52 -> 92.8 | L51: =L52 -> 96
A52: Мобилизационная и вневойсковая подготовка | B52: 918 | C52: 02 | D52: 03 | J52: =J55 -> 89.8 | K52: =K55 -> 92.8 | L52: =L55 -> 96
A53: Непрограммные расходы главных распорядителей средств бюджета Паевского сельского поселения Кадошкинского муниципального района Республики Мордовия | B53: 918 | C53: 02 | D53: 03 | E53: 89 | J53: =J54 -> 89.8 | K53: =K54 -> 92.8 | L53: =L54 -> 96
A54: Непрограммные расходы в рамках обеспечения деятельности главных распорядителей средств бюджета Паевского сельского поселения Кадошкинского муниципального района Республики Мордовия | B54: 918 | C54: 02 | D54: 03 | E54: 89 | F54: 1 | J54: =J55 -> 89.8 | K54: =K55 -> 92.8 | L54: =L55 -> 96
A55: Осуществление государственных полномочий Российской Федерации о первичному воинскому учету на территориях, где отсутствуют военные комиссариаты | B55: 918 | C55: 02 | D55: 03 | E55: 89 | F55: 1 | G55: 00 | H55: 51180 | J55: =J56+J58 -> 89.8 | K55: =K56+K58 -> 92.8 | L55: =L56+L58 -> 96
A56: Расходы на выплаты персоналу в целях обеспечения выполнения функций государственными (муниципальными) органами, казенными учреждениями, органами управления государственными внебюджетными фондами | B56: 918 | C56: 02 | D56: 03 | E56: 89 | F56: 1 | G56: 00 | H56: 51180 | I56: 100 | J56: =J57 -> 85.8 | K56: =K57 -> 88.8 | L56: =L57 -> 92
A57: Расходы на выплаты персоналу государственных (муниципальных) органов | B57: 918 | C57: 02 | D57: 03 | E57: 89 | F57: 1 | G57: 00 | H57: 51180 | I57: 120 | J57: 85.8 | K57: 88.8 | L57: 92
A58: Закупка товаров, работ и услуг для обеспечения государственных (муниципальных) нужд | B58: 918 | C58: 02 | D58: 03 | E58: 89 | F58: 1 | G58: 00 | H58: 51180 | I58: 200 | J58: =J59 -> 4 | K58: =K59 -> 4 | L58: =L59 -> 4
A59: Иные закупки товаров, работ и услуг для обеспечения государственных (муниципальных) нужд | B59: 918 | C59: 02 | D59: 03 | E59: 89 | F59: 1 | G59: 00 | H59: 51180 | I59: 240 | J59: 4 | K59: 4 | L59: 4
A60: Национальная безопасность и правоохранительная деятельность | B60: 918 | C60: 03 | J60: =J61 -> 0.5 | K60: =K61 -> 0.5 | L60: =L61 -> 0.5
A61: Другие вопросы в области национальной безопасности и правоохранительной деятельности | B61: 918 | C61: 03 | D61: 14 | J61: =J62 -> 0.5 | K61: =K62 -> 0.5 | L61: =L62 -> 0.5
A62: Целевая программа "Профилактика наркомании и токсикомании на территории Паевского сельского поселения на 2022-2024 годы" | B62: 918 | C62: 03 | D62: 14 | E62: 20 | J62: =J63 -> 0.5 | K62: =K63 -> 0.5 | L62: =L63 -> 0.5
A63: Мероприятия в области противодействия злоупотреблению наркотиками и их незаконному обороту | B63: 918 | C63: 03 | D63: 14 | E63: 20 | F63: 0 | G63: 00 | H63: 42100 | J63: =J64 -> 0.5 | K63: =K64 -> 0.5 | L63: =L64 -> 0.5
A64: Закупка товаров, работ и услуг для обеспечения государственных (муниципальных) нужд | B64: 918 | C64: 03 | D64: 14 | E64: 20 | F64: 0 | G64: 00 | H64: 42100 | I64: 200 | J64: =J65 -> 0.5 | K64: =K65 -> 0.5 | L64: =L65 -> 0.5
A65: Иные закупки товаров, работ и услуг для обеспечения государственных (муниципальных) нужд | B65: 918 | C65: 03 | D65: 14 | E65: 20 | F65: 0 | G65: 00 | H65: 42100 | I65: 240 | J65: 0.5 | K65: 0.5 | L65: 0.5
A66: Национальная экономика | B66: 918 | C66: 04 | J66: =J67 -> 361.7 | K66: =K67 -> 359.6 | L66: =L67 -> 381.4
A67: Дорожное хозяйство (дорожные фонды) | B67: 918 | C67: 04 | D67: 09 | J67: =J68 -> 361.7 | K67: =K68 -> 359.6 | L67: =L68 -> 381.4
A68: Непрограммные расходы главных распорядителей средств бюджета Паевского сельского поселения Кадошкинского муниципального района Республики Мордовия | B68: 918 | C68: 04 | D68: 09 | E68: 89 | J68: =J70 -> 361.7 | K68: =K70 -> 359.6 | L68: =L70 -> 381.4
A69: Непрограммные расходы в рамках обеспечения деятельности главных распорядителей средств бюджета Паевского сельского поселения Кадошкинского муниципального района Республики Мордовия | B69: 918 | C69: 04 | D69: 09 | E69: 89 | F69: 1 | J69: =J70 -> 361.7 | K69: =K70 -> 359.6 | L69: =L70 -> 381.4
A70: Иные межбюджетные трансферты на осуществление полномочий по дорожной деятельности в отношении автомобильных дорог местного значения в границах населенных пунктов поселения и обеспечению безопасности дорожного движения на них, включая создание и обеспечение функционирования парковок (парковочных мест), осуществлению муниципального контроля за сохранностью автомобильных дорог местного значения в границах населенных пунктов поселения, организации дорожного движения, а также осуществлению иных полномочий в области использования автомобильных дорог и осуществления дорожной деятельности в соответствии с законодательством Российской Федерации | B70: 918 | C70: 04 | D70: 09 | E70: 89 | F70: 1 | G70: 00 | H70: 44102 | J70: =J71 -> 361.7 | K70: =K71 -> 359.6 | L70: =L71 -> 381.4
A71: Закупка товаров, работ и услуг для обеспечения государственных (муниципальных) нужд | B71: 918 | C71: 04 | D71: 09 | E71: 89 | F71: 1 | G71: 00 | H71: 44102 | I71: 200 | J71: =J72 -> 361.7 | K71: =K72 -> 359.6 | L71: =L72 -> 381.4
A72: Иные закупки товаров, работ и услуг для обеспечения государственных (муниципальных) нужд | B72: 918 | C72: 04 | D72: 09 | E72: 89 | F72: 1 | G72: 00 | H72: 44102 | I72: 240 | J72: 361.7 | K72: 359.6 | L72: 381.4
A73: Жилищно-коммунальное хозяйство | B73: 918 | C73: 05 | J73: =J74+J80 -> 82.2 | K73: =K74+K80 -> 28.4 | L73: =L74+L80 -> 48.4
A74: Коммунальное хозяйство | B74: 918 | C74: 05 | D74: 02 | J74: =J75 -> 25.4 | K74: =K75 -> 25.4 | L74: =L75 -> 25.4
A75: Непрограммные расходы главных распорядителей средств бюджета Паевского сельского поселения Кадошкинского муниципального района Республики Мордовия | B75: 918 | C75: 05 | D75: 02 | E75: 89 | J75: =J76 -> 25.4 | K75: =K76 -> 25.4 | L75: =L76 -> 25.4
A76: Непрограммные расходы в рамках обеспечения деятельности главных распорядителей средств бюджета Паевского сельского поселения Кадошкинского муниципального района Республики Мордовия | B76: 918 | C76: 05 | D76: 02 | E76: 89 | F76: 1 | J76: =J77 -> 25.4 | K76: =K77 -> 25.4 | L76: =L77 -> 25.4
A77: Иные межбюджетные трансферты на осуществление полномочий по организации в границах поселения электро-, тепло-, газо- и водоснабжения населения, водоотведения, снабжения населения топливом в пределах полномочий, установленных законодательством Российской Федерации | B77: 918 | C77: 05 | D77: 02 | E77: 89 | F77: 1 | G77: 00 | H77: 44101 | J77: =J78 -> 25.4 | K77: =K78 -> 25.4 | L77: =L78 -> 25.4
A78: Закупка товаров, работ и услуг для обеспечения государственных (муниципальных) нужд | B78: 918 | C78: 05 | D78: 02 | E78: 89 | F78: 1 | G78: 00 | H78: 44101 | I78: 200 | J78: =J79 -> 25.4 | K78: =K79 -> 25.4 | L78: =L79 -> 25.4
A79: Иные закупки товаров, работ и услуг для обеспечения государственных (муниципальных) нужд | B79: 918 | C79: 05 | D79: 02 | E79: 89 | F79: 1 | G79: 00 | H79: 44101 | I79: 240 | J79: 25.4 | K79: 25.4 | L79: 25.4
A80: Благоустройство | B80: 918 | C80: 05 | D80: 03 | J80: =J81 -> 56.8 | K80: =K81 -> 3 | L80: =L81 -> 23
A81: Непрограммные расходы главных распорядителей средств бюджета Паевского сельского поселения Кадошкинского муниципального района Республики Мордовия | B81: 918 | C81: 05 | D81: 03 | E81: 89 | J81: =J82 -> 56.8 | K81: =K82 -> 3 | L81: =L82 -> 23
A82: Непрограммные расходы в рамках обеспечения деятельности главных распорядителей средств бюджета Паевского сельского поселения Кадошкинского муниципального района Республики Мордовия | B82: 918 | C82: 05 | D82: 03 | E82: 89 | F82: 1 | J82: =J83+J86 -> 56.8 | K82: =K83+K86 -> 3 | L82: =L83+L86 -> 23
A83: Уличное освещение | B83: 918 | C83: 05 | D83: 03 | E83: 89 | F83: 1 | G83: 00 | H83: 43010 | J83: =J84 -> 48.6 | K83: =K84 -> 1 | L83: =L84 -> 21
A84: Закупка товаров, работ и услуг для обеспечения государственных (муниципальных) нужд | B84: 918 | C84: 05 | D84: 03 | E84: 89 | F84: 1 | G84: 00 | H84: 43010 | I84: 200 | J84: =J85 -> 48.6 | K84: =K85 -> 1 | L84: =L85 -> 21
A85: Иные закупки товаров, работ и услуг для обеспечения государственных (муниципальных) нужд | B85: 918 | C85: 05 | D85: 03 | E85: 89 | F85: 1 | G85: 00 | H85: 43010 | I85: 240 | J85: 48.6 | K85: =3-2 -> 1 | L85: =23-2 -> 21
A86: Прочие мероприятия по благоустройству | B86: 918 | C86: 05 | D86: 03 | E86: 89 | F86: 1 | G86: 00 | H86: 43040 | J86: =J87 -> 8.2 | K86: =K87 -> 2 | L86: =L87 -> 2
A87: Закупка товаров, работ и услуг для обеспечения государственных (муниципальных) нужд | B87: 918 | C87: 05 | D87: 03 | E87: 89 | F87: 1 | G87: 00 | H87: 43040 | I87: 200 | J87: =J88 -> 8.2 | K87: =K88 -> 2 | L87: =L88 -> 2
A88: Иные закупки товаров, работ и услуг для обеспечения государственных (муниципальных) нужд | B88: 918 | C88: 05 | D88: 03 | E88: 89 | F88: 1 | G88: 00 | H88: 43040 | I88: 240 | J88: =10.2-2 -> 8.2 | K88: =2 -> 2 | L88: =2 -> 2
A89: Социальная политика | B89: 918 | C89: 10 | J89: =J90 -> 104.3 | K89: =K90 -> 80.9 | L89: =L90 -> 53.9
A90: Пенсионное обеспечение | B90: 918 | C90: 10 | D90: 01 | J90: =J91 -> 104.3 | K90: =K91 -> 80.9 | L90: =L91 -> 53.9
A91: Непрограммные расходы главных распорядителей средств бюджета Паевского сельского поселения Кадошкинского муниципального района Республики Мордовия | B91: 918 | C91: 10 | D91: 01 | E91: 89 | J91: =J92 -> 104.3 | K91: =K92 -> 80.9 | L91: =L92 -> 53.9
A92: Непрограммные расходы в рамках обеспечения деятельности главных распорядителей средств бюджета Паевского сельского поселения Кадошкинского муниципального района Республики Мордовия | B92: 918 | C92: 10 | D92: 01 | E92: 89 | F92: 1 | J92: =J93 -> 104.3 | K92: =K93 -> 80.9 | L92: =L93 -> 53.9
A93: Доплаты к пенсиям муниципальных служащих Республики Мордовия | B93: 918 | C93: 10 | D93: 01 | E93: 89 | F93: 1 | G93: 00 | H93: 03010 | J93: =J94 -> 104.3 | K93: =K94 -> 80.9 | L93: =L94 -> 53.9
A94: Социальное обеспечение и иные выплаты населению | B94: 918 | C94: 10 | D94: 01 | E94: 89 | F94: 1 | G94: 00 | H94: 03010 | I94: 300 | J94: =J95 -> 104.3 | K94: =K95 -> 80.9 | L94: =L95 -> 53.9
A95: Публичные нормативные социальные выплаты гражданам | B95: 918 | C95: 10 | D95: 01 | E95: 89 | F95: 1 | G95: 00 | H95: 03010 | I95: 310 | J95: 104.3 | K95: =104.3-K109 -> 80.9 | L95: =104.3-L109 -> 53.9
A96: Обслуживание государственного и муниципального долга | B96: 918 | C96: 13 | J96: =J97 -> 1.7 | K96: =K97 -> 1.7 | L96: =L97 -> 1.7
A97: Обслуживание государственного внутреннего и муниципального долга | B97: 918 | C97: 13 | D97: 01 | J97: =J98 -> 1.7 | K97: =K98 -> 1.7 | L97: =L98 -> 1.7
A98: Непрограммные расходы главных распорядителей средств бюджета Паевского сельского поселения Кадошкинского муниципального района Республики Мордовия | B98: 918 | C98: 13 | D98: 01 | E98: 89 | J98: =J99 -> 1.7 | K98: =K99 -> 1.7 | L98: =L99 -> 1.7
A99: Непрограммные расходы в рамках обеспечения деятельности главных распорядителей средств бюджета Паевского сельского поселения Кадошкинского муниципального района Республики Мордовия | B99: 918 | C99: 13 | D99: 01 | E99: 89 | F99: 1 | J99: =J100 -> 1.7 | K99: =K100 -> 1.7 | L99: =L100 -> 1.7
A100: Процентные платежи по муниципальному долгу | B100: 918 | C100: 13 | D100: 01 | E100: 89 | F100: 1 | G100: 00 | H100: 41240 | J100: =J101 -> 1.7 | K100: =K101 -> 1.7 | L100: =L101 -> 1.7
...

Sheet Прил 3 
I1: Приложение 3 к решению Совета депутатов Паевского сельского поселения "О бюджете Паевского сельского поселения Кадошкинского муниципального района Республики Мордовия на 2022 год и на плановый период 2023 и 2024 годов"
A2: РАСПРЕДЕЛЕНИЕ БЮДЖЕТНЫХ АССИГНОВАНИЙ БЮДЖЕТА ПАЕВСКОГО СЕЛЬСКОГО ПОСЕЛЕНИЯ КАДОШКИНСКОГО МУНИЦИПАЛЬНОГО РАЙОНА РЕСПУБЛИКИ МОРДОВИЯ ПО РАЗДЕЛАМ, ПОДРАЗДЕЛАМ, ЦЕЛЕВЫМ СТАТЬЯМ (МУНИЦИПАЛЬНЫМ ПРОГРАММАМ И НЕПРОГРАММНЫМ НАПРАВЛЕНИЯМ ДЕЯТЕЛЬНОСТИ), ГРУППАМ И ПОДГРУППАМ ВИДОВ РАСХОДОВ КЛАССИФИКАЦИИ РАСХОДОВ БЮДЖЕТОВ НА 2022 ГОД И НА ПЛАНОВЫЙ ПЕРИОД 2023 И 2024 ГОДОВ
K3: (тыс. рублей)
A4: Наименование | B4: Рз | C4: Прз | D4: Цср | H4: Вр | I4: Сумма
I5: 2022 год | J5: 2023 год | K5: 2024 год
A6: 1 | B6: 2 | C6: 3 | D6: 4 | E6: 5 | F6: 6 | G6: 7 | H6: 8 | I6: 9 | J6: 10 | K6: 11
A7: ВСЕГО | I7: =I8+I50+I65+I72+I88+I95+I59 -> 1397.04 | J7: =J8+J50+J65+J72+J88+J95+J59+J102 -> 1027.4 | K7: =K8+K50+K65+K72+K88+K95+K59+K102 -> 1103.2
A8: Общегосударственные вопросы | B8: 01 | I8: =I9+I15+I31+I37 -> 756.84 | J8: =J9+J15+J31+J37 -> 440.1 | K8: =K9+K15+K31+K37 -> 470.9
A9: Функционирование высшего должностного лица субъекта Российской Федерации и муниципального образования | B9: 01 | C9: 02 | I9: =I10 -> 223.24 | J9: =J10 -> 134.5 | K9: =K10 -> 134.3
A10: Обеспечение деятельности администрации | B10: 01 | C10: 02 | D10: 65 | I10: =I11 -> 223.24 | J10: =J11 -> 134.5 | K10: =K11 -> 134.3
A11: Высшее должностное лицо | B11: 01 | C11: 02 | D11: 65 | E11: 1 | I11: =I12 -> 223.24 | J11: =J12 -> 134.5 | K11: =K12 -> 134.3
A12: Расходы на выплаты по оплате труда высшего должностного лица | B12: 01 | C12: 02 | D12: 65 | E12: 1 | F12: 00 | G12: 41150 | I12: =I13 -> 223.24 | J12: =J13 -> 134.5 | K12: =K13 -> 134.3
A13: Расходы на выплаты персоналу в целях обеспечения выполнения функций государственными (муниципальными) органами, казенными учреждениями, органами управления государственными внебюджетными фондами | B13: 01 | C13: 02 | D13: 65 | E13: 1 | F13: 00 | G13: 41150 | H13: 100 | I13: =I14 -> 223.24 | J13: =J14 -> 134.5 | K13: =K14 -> 134.3
A14: Расходы на выплаты персоналу государственных (муниципальных) органов | B14: 01 | C14: 02 | D14: 65 | E14: 1 | F14: 00 | G14: 41150 | H14: 120 | I14: ='Прил 2'!J15 -> 223.24 | J14: ='Прил 2'!K15 -> 134.5 | K14: ='Прил 2'!L15 -> 134.3
A15: Функционирование Правительства Российской Федерации, высших органов исполнительной власти субъектов Российской Федерации, местных администраций | B15: 01 | C15: 04 | I15: =I16+I26 -> 531.1 | J15: =J16+J26 -> 303.1 | K15: =K16+K26 -> 334.1
A16: Обеспечение деятельности администрации | B16: 01 | C16: 04 | D16: 65 | I16: =I17 -> 531 | J16: =J17 -> 303 | K16: =K17 -> 334
A17: Непрограммные расходы в рамках обеспечения деятельности администрации | B17: 01 | C17: 04 | D17: 65 | E17: 2 | I17: =I18+I21 -> 531 | J17: =J18+J21 -> 303 | K17: =K18+K21 -> 334
A18: Расходы на выплаты по оплате труда работников органов местного самоуправления | B18: 01 | C18: 04 | D18: 65 | E18: 2 | F18: 00 | G18: 41110 | I18: =I19 -> 425.3 | J18: =J19 -> 234.4 | K18: =K19 -> 213.6
A19: Расходы на выплаты персоналу в целях обеспечения выполнения функций государственными (муниципальными) органами, казенными учреждениями, органами управления государственными внебюджетными фондами | B19: 01 | C19: 04 | D19: 65 | E19: 2 | F19: 00 | G19: 41110 | H19: 100 | I19: =I20 -> 425.3 | J19: =J20 -> 234.4 | K19: =K20 -> 213.6
A20: Расходы на выплаты персоналу государственных (муниципальных) органов | B20: 01 | C20: 04 | D20: 65 | E20: 2 | F20: 00 | G20: 41110 | H20: 120 | I20: ='Прил 2'!J21 -> 425.3 | J20: ='Прил 2'!K21 -> 234.4 | K20: ='Прил 2'!L21 -> 213.6
A21: Расходы на обеспечение функций органов местного самоуправления | B21: 01 | C21: 04 | D21: 65 | E21: 2 | F21: 00 | G21: 41120 | I21: =I22+I24 -> 105.7 | J21: =J22+J24 -> 68.6 | K21: =K22+K24 -> 120.4
A22: Закупка товаров, работ и услуг для обеспечения государственных (муниципальных) нужд | B22: 01 | C22: 04 | D22: 65 | E22: 2 | F22: 00 | G22: 41120 | H22: 200 | I22: =I23 -> 95.1 | J22: =J23 -> 42.8 | K22: =K23 -> 94.6
A23: Иные закупки товаров, работ и услуг для обеспечения государственных (муниципальных) нужд | B23: 01 | C23: 04 | D23: 65 | E23: 2 | F23: 00 | G23: 41120 | H23: 240 | I23: ='Прил 2'!J24 -> 95.1 | J23: ='Прил 2'!K24 -> 42.8 | K23: ='Прил 2'!L24 -> 94.6
A24: Иные бюджетные ассигнования | B24: 01 | C24: 04 | D24: 66 | E24: 2 | F24: 00 | G24: 41120 | H24: 800 | I24: =I25 -> 10.6 | J24: =J25 -> 25.8 | K24: =K25 -> 25.8
A25: Уплата налогов, сборов и иных платежей | B25: 01 | C25: 04 | D25: 66 | E25: 2 | F25: 00 | G25: 41120 | H25: 850 | I25: ='Прил 2'!J26 -> 10.6 | J25: ='Прил 2'!K26 -> 25.8 | K25: ='Прил 2'!L26 -> 25.8
A26: Непрограммные расходы главных распорядителей средств бюджета Паевского сельского поселения Кадошкинского муниципального района Республики Мордовия | B26: 01 | C26: 04 | D26: 89 | I26: =I27 -> 0.1 | J26: =J27 -> 0.1 | K26: =K27 -> 0.1
A27: Непрограммные расходы в рамках обеспечения деятельности главных распорядителей средств бюджета Паевского сельского поселения Кадошкинского муниципального района Республики Мордовия | B27: 01 | C27: 04 | D27: 89 | E27: 1 | I27: =I28 -> 0.1 | J27: =J28 -> 0.1 | K27: =K28 -> 0.1
A28: Осуществление государственных полномочий Республики Мордовия по определению перечня должностных лиц, уполномоченных составлять протоколы об административных правонарушениях, предусмотренных Законом Республики Мордовия от 15 июня 2015 года № 38-З "Об административной ответственности на территории Республики Мордовия" | B28: 01 | C28: 04 | D28: 89 | E28: 1 | F28: 00 | G28: 77150 | I28: =I29 -> 0.1 | J28: =J29 -> 0.1 | K28: =K29 -> 0.1
A29: Закупка товаров, работ и услуг для обеспечения государственных (муниципальных) нужд | B29: 01 | C29: 04 | D29: 89 | E29: 1 | F29: 00 | G29: 77150 | H29: 200 | I29: =I30 -> 0.1 | J29: =J30 -> 0.1 | K29: =K30 -> 0.1
A30: Иные закупки товаров, работ и услуг для обеспечения государственных (муниципальных) нужд | B30: 01 | C30: 04 | D30: 89 | E30: 1 | F30: 00 | G30: 77150 | H30: 240 | I30: ='Прил 2'!J31 -> 0.1 | J30: ='Прил 2'!K31 -> 0.1 | K30: ='Прил 2'!L31 -> 0.1
A31: Резервные фонды | B31: 01 | C31: 11 | I31: =I32 -> 1 | J31: =J32 -> 1 | K31: =K32 -> 1
A32: Непрограммные расходы главных распорядителей средств бюджета Паевского сельского поселения Кадошкинского муниципального района Республики Мордовия | B32: 01 | C32: 11 | D32: 89 | I32: =I33 -> 1 | J32: =J33 -> 1 | K32: =K33 -> 1
A33: Непрограммные расходы в рамках обеспечения деятельности главных распорядителей средств бюджета Паевского сельского поселения Кадошкинского муниципального района Республики Мордовия | B33: 01 | C33: 11 | D33: 89 | E33: 1 | I33: =I34 -> 1 | J33: =J34 -> 1 | K33: =K34 -> 1
A34: Резервный фонд администрации Паевского сельского поселения Кадошкинского муниципального района Республики Мордовия | B34: 01 | C34: 11 | D34: 89 | E34: 1 | F34: 00 | G34: 41180 | I34: =I35 -> 1 | J34: =J35 -> 1 | K34: =K35 -> 1
A35: Иные бюджетные ассигнования | B35: 01 | C35: 11 | D35: 89 | E35: 1 | F35: 00 | G35: 41180 | H35: 800 | I35: =I36 -> 1 | J35: =J36 -> 1 | K35: =K36 -> 1
A36: Резервные средства | B36: 01 | C36: 11 | D36: 89 | E36: 1 | F36: 00 | G36: 41180 | H36: 870 | I36: ='Прил 2'!J37 -> 1 | J36: ='Прил 2'!K37 -> 1 | K36: ='Прил 2'!L37 -> 1
A37: Другие общегосударственные вопросы | B37: 01 | C37: 13 | I37: =I38+I42+I46 -> 1.5 | J37: =J38+J42+J46 -> 1.5 | K37: =K38+K42+K46 -> 1.5
A38: Муниципальная программа "Противопожарная безопасность на территории Паевского сельского поселения на 2022-2023г.г." | B38: 01 | C38: 13 | D38: 08 | I38: =I39 -> 0.5 | J38: =J39 -> 0.5 | K38: =K39 -> 0.5
A39: Мероприятия по обеспечению пожарной безопасности | B39: 01 | C39: 13 | D39: 08 | E39: 0 | F39: 00 | G39: 42120 | I39: =I40 -> 0.5 | J39: =J40 -> 0.5 | K39: =K40 -> 0.5
A40: Закупка товаров, работ и услуг для обеспечения государственных (муниципальных) нужд | B40: 01 | C40: 13 | D40: 08 | E40: 0 | F40: 00 | G40: 42120 | H40: 200 | I40: =I41 -> 0.5 | J40: =J41 -> 0.5 | K40: =K41 -> 0.5
A41: Иные закупки товаров, работ и услуг для обеспечения государственных (муниципальных) нужд | B41: 01 | C41: 13 | D41: 08 | E41: 0 | F41: 00 | G41: 42120 | H41: 240 | I41: ='Прил 2'!J42 -> 0.5 | J41: ='Прил 2'!K42 -> 0.5 | K41: ='Прил 2'!L42 -> 0.5
A42: Антикоррупционная программа Паевского сельского поселения на 2022-2024 годы | B42: 01 | C42: 13 | D42: 23 | I42: =I43 -> 0.5 | J42: =J43 -> 0.5 | K42: =K43 -> 0.5
A43: Мероприятия по противодействию и профилактике коррупции | B43: 01 | C43: 13 | D43: 23 | E43: 0 | F43: 0 | G43: 42380 | I43: =I44 -> 0.5 | J43: =J44 -> 0.5 | K43: =K44 -> 0.5
A44: Закупка товаров, работ и услуг для обеспечения государственных (муниципальных) нужд | B44: 01 | C44: 13 | D44: 23 | E44: 0 | F44: 00 | G44: 42380 | H44: 200 | I44: =I45 -> 0.5 | J44: =J45 -> 0.5 | K44: =K45 -> 0.5
A45: Иные закупки товаров, работ и услуг для обеспечения государственных (муниципальных) нужд | B45: 01 | C45: 13 | D45: 23 | E45: 0 | F45: 00 | G45: 42380 | H45: 240 | I45: ='Прил 2'!J46 -> 0.5 | J45: ='Прил 2'!K46 -> 0.5 | K45: ='Прил 2'!L46 -> 0.5
A46: Муниципальная программа "Противодействие терроризму и экстремизму на территории Паевского сельского поселения на 2022-2024 годы" | B46: 01 | C46: 13 | D46: 31 | I46: =I47 -> 0.5 | J46: =J47 -> 0.5 | K46: =K47 -> 0.5
A47: Мероприятия по укреплению общественного порядка и обеспечению общественной безопасности | B47: 01 | C47: 13 | D47: 31 | E47: 0 | F47: 0 | G47: 42300 | I47: =I48 -> 0.5 | J47: =J48 -> 0.5 | K47: =K48 -> 0.5
A48: Закупка товаров, работ и услуг для обеспечения государственных (муниципальных) нужд | B48: 01 | C48: 13 | D48: 31 | E48: 0 | F48: 00 | G48: 42300 | H48: 200 | I48: =I49 -> 0.5 | J48: =J49 -> 0.5 | K48: =K49 -> 0.5
A49: Иные закупки товаров, работ и услуг для обеспечения государственных (муниципальных) нужд | B49: 01 | C49: 13 | D49: 31 | E49: 0 | F49: 00 | G49: 42300 | H49: 240 | I49: ='Прил 2'!J50 -> 0.5 | J49: ='Прил 2'!K50 -> 0.5 | K49: ='Прил 2'!L50 -> 0.5
A50: Национальная оборона | B50: 02 | I50: =I51 -> 89.8 | J50: =J51 -> 92.8 | K50: =K51 -> 96
A51: Мобилизационная и вневойсковая подготовка | B51: 02 | C51: 03 | I51: =I52 -> 89.8 | J51: =J52 -> 92.8 | K51: =K52 -> 96
A52: Непрограммные расходы главных распорядителей средств бюджета Паевского сельского поселения Кадошкинского муниципального района Республики Мордовия | B52: 02 | C52: 03 | D52: 89 | I52: =I53 -> 89.8 | J52: =J53 -> 92.8 | K52: =K53 -> 96
A53: Непрограммные расходы в рамках обеспечения деятельности главных распорядителей средств бюджета Паевского сельского поселения Кадошкинского муниципального района Республики Мордовия | B53: 02 | C53: 03 | D53: 89 | E53: 1 | I53: =I54 -> 89.8 | J53: =J54 -> 92.8 | K53: =K54 -> 96
A54: Осуществление государственных полномочий Российской Федерации о первичному воинскому учету на территориях, где отсутствуют военные комиссариаты | B54: 02 | C54: 03 | D54: 89 | E54: 1 | F54: 00 | G54: 51180 | I54: =I55+I57 -> 89.8 | J54: =J55+J57 -> 92.8 | K54: =K55+K57 -> 96
A55: Расходы на выплаты персоналу в целях обеспечения выполнения функций государственными (муниципальными) органами, казенными учреждениями, органами управления государственными внебюджетными фондами | B55: 02 | C55: 03 | D55: 89 | E55: 1 | F55: 00 | G55: 51180 | H55: 100 | I55: =I56 -> 85.8 | J55: =J56 -> 88.8 | K55: =K56 -> 92
A56: Расходы на выплаты персоналу государственных (муниципальных) органов | B56: 02 | C56: 03 | D56: 89 | E56: 1 | F56: 00 | G56: 51180 | H56: 120 | I56: ='Прил 2'!J57 -> 85.8 | J56: ='Прил 2'!K57 -> 88.8 | K56: ='Прил 2'!L57 -> 92
A57: Закупка товаров, работ и услуг для обеспечения государственных (муниципальных) нужд | B57: 02 | C57: 03 | D57: 89 | E57: 1 | F57: 00 | G57: 51180 | H57: 200 | I57: =I58 -> 4 | J57: =J58 -> 4 | K57: =K58 -> 4
A58: Иные закупки товаров, работ и услуг для обеспечения государственных (муниципальных) нужд | B58: 02 | C58: 03 | D58: 89 | E58: 1 | F58: 00 | G58: 51180 | H58: 240 | I58: ='Прил 2'!J59 -> 4 | J58: ='Прил 2'!K59 -> 4 | K58: ='Прил 2'!L59 -> 4
A59: Национальная безопасность и правоохранительная деятельность | B59: 03 | I59: =I60 -> 0.5 | J59: =J60 -> 0.5 | K59: =K60 -> 0.5
A60: Другие вопросы в области национальной безопасности и правоохранительной деятельности | B60: 03 | C60: 14 | I60: =I61 -> 0.5 | J60: =J61 -> 0.5 | K60: =K61 -> 0.5
A61: Целевая программа "Профилактика наркомании и токсикомании на территории Паевского сельского поселения на 2022-2024 годы" | B61: 03 | C61: 14 | D61: 20 | I61: =I62 -> 0.5 | J61: =J62 -> 0.5 | K61: =K62 -> 0.5
A62: Мероприятия в области противодействия злоупотреблению наркотиками и их незаконному обороту | B62: 03 | C62: 14 | D62: 20 | E62: 0 | F62: 00 | G62: 42100 | I62: =I63 -> 0.5 | J62: =J63 -> 0.5 | K62: =K63 -> 0.5
A63: Закупка товаров, работ и услуг для обеспечения государственных (муниципальных) нужд | B63: 03 | C63: 14 | D63: 20 | E63: 0 | F63: 00 | G63: 42100 | H63: 200 | I63: =I64 -> 0.5 | J63: =J64 -> 0.5 | K63: =K64 -> 0.5
A64: Иные закупки товаров, работ и услуг для обеспечения государственных (муниципальных) нужд | B64: 03 | C64: 14 | D64: 20 | E64: 0 | F64: 00 | G64: 42100 | H64: 240 | I64: ='Прил 2'!J65 -> 0.5 | J64: ='Прил 2'!K65 -> 0.5 | K64: ='Прил 2'!L65 -> 0.5
A65: Национальная экономика | B65: 04 | I65: =I66 -> 361.7 | J65: =J66 -> 359.6 | K65: =K66 -> 381.4
A66: Дорожное хозяйство (дорожные фонды) | B66: 04 | C66: 09 | I66: =I67 -> 361.7 | J66: =J67 -> 359.6 | K66: =K67 -> 381.4
A67: Непрограммные расходы главных распорядителей средств бюджета Паевского сельского поселения Кадошкинского муниципального района Республики Мордовия | B67: 04 | C67: 09 | D67: 89 | E67: 0 | I67: =I68 -> 361.7 | J67: =J69 -> 359.6 | K67: =K69 -> 381.4
A68: Непрограммные расходы в рамках обеспечения деятельности главных распорядителей средств бюджета Паевского сельского поселения Кадошкинского муниципального района Республики Мордовия | B68: 04 | C68: 09 | D68: 89 | E68: 1 | I68: =I69 -> 361.7 | J68: =J69 -> 359.6 | K68: =K69 -> 381.4
A69: Иные межбюджетные трансферты на осуществление полномочий по дорожной деятельности в отношении автомобильных дорог местного значения в границах населенных пунктов поселения и обеспечению безопасности дорожного движения на них, включая создание и обеспечение функционирования парковок (парковочных мест), осуществлению муниципального контроля за сохранностью автомобильных дорог местного значения в границах населенных пунктов поселения, организации дорожного движения, а также осуществлению иных полномочий в области использования автомобильных дорог и осуществления дорожной деятельности в соответствии с законодательством Российской Федерации | B69: 04 | C69: 09 | D69: 89 | E69: 1 | F69: 00 | G69: 44102 | I69: =I70 -> 361.7 | J69: =J70 -> 359.6 | K69: =K70 -> 381.4
A70: Закупка товаров, работ и услуг для обеспечения государственных (муниципальных) нужд | B70: 04 | C70: 09 | D70: 89 | E70: 1 | F70: 00 | G70: 44102 | H70: 200 | I70: =I71 -> 361.7 | J70: =J71 -> 359.6 | K70: =K71 -> 381.4
A71: Иные закупки товаров, работ и услуг для обеспечения государственных (муниципальных) нужд | B71: 04 | C71: 09 | D71: 89 | E71: 1 | F71: 00 | G71: 44102 | H71: 240 | I71: ='Прил 2'!J72 -> 361.7 | J71: ='Прил 2'!K72 -> 359.6 | K71: ='Прил 2'!L72 -> 381.4
A72: Жилищно-коммунальное хозяйство | B72: 05 | I72: =I73+I79 -> 82.2 | J72: =J73+J79 -> 28.4 | K72: =K73+K79 -> 48.4
A73: Коммунальное хозяйство | B73: 05 | C73: 02 | I73: =I74 -> 25.4 | J73: =J74 -> 25.4 | K73: =K74 -> 25.4
A74: Непрограммные расходы главных распорядителей средств бюджета Паевского сельского поселения Кадошкинского муниципального района Республики Мордовия | B74: 918 | C74: 05 | D74: 02 | E74: 89 | F74: 0 | I74: =I75 -> 25.4 | J74: =J75 -> 25.4 | K74: =K75 -> 25.4
A75: Непрограммные расходы в рамках обеспечения деятельности главных распорядителей средств бюджета Паевского сельского поселения Кадошкинского муниципального района Республики Мордовия | B75: 918 | C75: 05 | D75: 02 | E75: 89 | F75: 1 | I75: =I76 -> 25.4 | J75: =J76 -> 25.4 | K75: =K76 -> 25.4
A76: Иные межбюджетные трансферты на осуществление полномочий по организации в границах поселения электро-, тепло-, газо- и водоснабжения населения, водоотведения, снабжения населения топливом в пределах полномочий, установленных законодательством Российской Федерации | B76: 05 | C76: 02 | D76: 89 | E76: 1 | F76: 00 | G76: 44101 | I76: =I77 -> 25.4 | J76: =J77 -> 25.4 | K76: =K77 -> 25.4
A77: Закупка товаров, работ и услуг для обеспечения государственных (муниципальных) нужд | B77: 05 | C77: 02 | D77: 89 | E77: 1 | F77: 00 | G77: 44101 | H77: 200 | I77: =I78 -> 25.4 | J77: =J78 -> 25.4 | K77: =K78 -> 25.4
A78: Иные закупки товаров, работ и услуг для обеспечения государственных (муниципальных) нужд | B78: 05 | C78: 02 | D78: 89 | E78: 1 | F78: 00 | G78: 44101 | H78: 240 | I78: ='Прил 2'!J79 -> 25.4 | J78: ='Прил 2'!K79 -> 25.4 | K78: ='Прил 2'!L79 -> 25.4
A79: Благоустройство | B79: 05 | C79: 03 | I79: =I80 -> 56.8 | J79: =J80 -> 3 | K79: =K80 -> 23
A80: Непрограммные расходы главных распорядителей средств бюджета Паевского сельского поселения Кадошкинского муниципального района Республики Мордовия | B80: 05 | C80: 03 | D80: 89 | E80: 0 | I80: =I81 -> 56.8 | J80: =J81 -> 3 | K80: =K81 -> 23
A81: Непрограммные расходы в рамках обеспечения деятельности главных распорядителей средств бюджета Паевского сельского поселения Кадошкинского муниципального района Республики Мордовия | B81: 05 | C81: 03 | D81: 89 | E81: 1 | I81: =I82+I85 -> 56.8 | J81: =J82+J85 -> 3 | K81: =K82+K85 -> 23
A82: Уличное освещение | B82: 05 | C82: 03 | D82: 89 | E82: 1 | F82: 00 | G82: 43010 | I82: =I83 -> 48.6 | J82: =J83 -> 1 | K82: =K83 -> 21
A83: Закупка товаров, работ и услуг для обеспечения государственных (муниципальных) нужд | B83: 05 | C83: 03 | D83: 89 | E83: 1 | F83: 00 | G83: 43010 | H83: 200 | I83: =I84 -> 48.6 | J83: =J84 -> 1 | K83: =K84 -> 21
A84: Иные закупки товаров, работ и услуг для обеспечения государственных (муниципальных) нужд | B84: 05 | C84: 03 | D84: 89 | E84: 1 | F84: 00 | G84: 43010 | H84: 240 | I84: ='Прил 2'!J85 -> 48.6 | J84: ='Прил 2'!K85 -> 1 | K84: ='Прил 2'!L85 -> 21
A85: Прочие мероприятия по благоустройству | B85: 05 | C85: 03 | D85: 89 | E85: 1 | F85: 00 | G85: 43040 | I85: =I86 -> 8.2 | J85: =J86 -> 2 | K85: =K86 -> 2
A86: Закупка товаров, работ и услуг для обеспечения государственных (муниципальных) нужд | B86: 05 | C86: 03 | D86: 89 | E86: 1 | F86: 00 | G86: 43040 | H86: 200 | I86: =I87 -> 8.2 | J86: =J87 -> 2 | K86: =K87 -> 2
A87: Иные закупки товаров, работ и услуг для обеспечения государственных (муниципальных) нужд | B87: 05 | C87: 03 | D87: 89 | E87: 1 | F87: 00 | G87: 43040 | H87: 240 | I87: ='Прил 2'!J88 -> 8.2 | J87: ='Прил 2'!K88 -> 2 | K87: ='Прил 2'!L88 -> 2
A88: Социальная политика | B88: 10 | I88: =I89 -> 104.3 | J88: =J89 -> 80.9 | K88: =K89 -> 53.9
A89: Пенсионное обеспечение | B89: 10 | C89: 01 | I89: =I90 -> 104.3 | J89: =J90 -> 80.9 | K89: =K90 -> 53.9
A90: Непрограммные расходы главных распорядителей средств бюджета Паевского сельского поселения Кадошкинского муниципального района Республики Мордовия | B90: 10 | C90: 01 | D90: 89 | E90: 0 | I90: =I91 -> 104.3 | J90: =J91 -> 80.9 | K90: =K91 -> 53.9
A91: Непрограммные расходы в рамках обеспечения деятельности главных распорядителей средств бюджета Паевского сельского поселения Кадошкинского муниципального района Республики Мордовия | B91: 10 | C91: 01 | D91: 89 | E91: 1 | I91: =I92 -> 104.3 | J91: =J92 -> 80.9 | K91: =K92 -> 53.9
A92: Доплаты к пенсиям муниципальных служащих Республики Мордовия | B92: 10 | C92: 01 | D92: 89 | E92: 1 | F92: 00 | G92: 03010 | I92: =I93 -> 104.3 | J92: =J93 -> 80.9 | K92: =K93 -> 53.9
A93: Социальное обеспечение и иные выплаты населению | B93: 10 | C93: 01 | D93: 89 | E93: 1 | F93: 00 | G93: 03010 | H93: 300 | I93: =I94 -> 104.3 | J93: =J94 -> 80.9 | K93: =K94 -> 53.9
A94: Публичные нормативные социальные выплаты гражданам | B94: 10 | C94: 01 | D94: 89 | E94: 1 | F94: 00 | G94: 03010 | H94: 310 | I94: ='Прил 2'!J95 -> 104.3 | J94: ='Прил 2'!K95 -> 80.9 | K94: ='Прил 2'!L95 -> 53.9
A95: Обслуживание государственного и муниципального долга | B95: 13 | I95: =I96 -> 1.7 | J95: =J96 -> 1.7 | K95: =K96 -> 1.7
A96: Обслуживание государственного внутреннего и муниципального долга | B96: 13 | C96: 01 | I96: =I97 -> 1.7 | J96: =J97 -> 1.7 | K96: =K97 -> 1.7
A97: Непрограммные расходы главных распорядителей средств бюджета Паевского сельского поселения Кадошкинского муниципального района Республики Мордовия | B97: 13 | C97: 01 | D97: 89 | E97: 0 | I97: =I98 -> 1.7 | J97: =J98 -> 1.7 | K97: =K98 -> 1.7
A98: Непрограммные расходы в рамках обеспечения деятельности главных распорядителей средств бюджета Паевского сельского поселения Кадошкинского муниципального района Республики Мордовия | B98: 13 | C98: 01 | D98: 89 | E98: 1 | I98: =I99 -> 1.7 | J98: =J99 -> 1.7 | K98: =K99 -> 1.7
A99: Процентные платежи по муниципальному долгу | B99: 13 | C99: 01 | D99: 89 | E99: 1 | F99: 00 | G99: 41240 | I99: =I100 -> 1.7 | J99: =J100 -> 1.7 | K99: =K100 -> 1.7
A100: Обслуживание государственного (муниципального) долга | B100: 13 | C100: 01 | D100: 89 | E100: 1 | F100: 00 | G100: 41240 | H100: 700 | I100: =I101 -> 1.7 | J100: =J101 -> 1.7 | K100: =K101 -> 1.7
...

Sheet Прил 4
J1: Приложение 4 к решению Совета депутатов Паевского сельского поселения "О бюджете Паевского сельского поселения Кадошкинского муниципального района Республики Мордовия на 2022 год и на плановый период 2023 и 2024 годов"
A2: РАСПРЕДЕЛЕНИЕ БЮДЖЕТНЫХ АССИГНОВАНИЙ БЮДЖЕТА ПАЕВСКОГО СЕЛЬСКОГО ПОСЕЛЕНИЯ КАДОШКИНСКОГО МУНИЦИПАЛЬНОГО РАЙОНА РЕСПУБЛИКИ МОРДОВИЯ ПО ЦЕЛЕВЫМ СТАТЬЯМ (МУНИЦИПАЛЬНЫМ ПРОГРАММАМ И НЕПРОГРАММНЫМ НАПРАВЛЕНИЯМ ДЕЯТЕЛЬНОСТИ), ГРУППАМ И ПОДГРУППАМ ВИДОВ РАСХОДОВ, РАЗДЕЛАМ И ПОДРАЗДЕЛАМ КЛАССИФИКАЦИИ РАСХОДОВ БЮДЖЕТОВ НА 2022 ГОД НА ПЛАНОВЫЙ ПЕРИОД 2023 И 2024 ГОДОВ
L3: (тыс. рублей)
A4: Наименование | B4: Цср | F4: ВР | G4: Рз | H4: Прз | I4: Адм | J4: Сумма
J5: 2022 год | K5: 2023 год | L5: 2024 год
A6: 1 | B6: 2 | C6: 3 | D6: 4 | E6: 5 | F6: 6 | G6: 7 | H6: 8 | I6: 9 | J6: 10 | K6: 11 | L6: 12
A7: ВСЕГО | J7: =J36+J62+J8+J15+J22+J29 -> 1397.04 | K7: =K36+K62+K8+K15+K22+K29 -> 1027.4 | L7: =L36+L62+L8+L15+L22+L29 -> 1103.2
A8: Муниципальная программа "Противопожарная безопасность на территории Паевского сельского поселения на 2022-2023г.г." | B8: 08 | J8: =J9 -> 0.5 | K8: =K9 -> 0.5 | L8: =L9 -> 0.5
A9: Мероприятия по обеспечению пожарной безопасности | B9: 08 | C9: 0 | D9: 00 | E9: 42120 | J9: =J10 -> 0.5 | K9: =K10 -> 0.5 | L9: =L10 -> 0.5
A10: Закупка товаров, работ и услуг для обеспечения государственных (муниципальных) нужд | B10: 08 | C10: 0 | D10: 00 | E10: 42120 | F10: 200 | J10: =J11 -> 0.5 | K10: =K11 -> 0.5 | L10: =L11 -> 0.5
A11: Иные закупки товаров, работ и услуг для обеспечения государственных (муниципальных) нужд | B11: 08 | C11: 0 | D11: 00 | E11: 42120 | F11: 240 | J11: =J12 -> 0.5 | K11: =K12 -> 0.5 | L11: =L12 -> 0.5
A12: Общегосударственные вопросы | B12: 08 | C12: 0 | D12: 00 | E12: 42120 | F12: 240 | G12: 01 | J12: =J13 -> 0.5 | K12: =K13 -> 0.5 | L12: =L13 -> 0.5
A13: Другие общегосударственные вопросы | B13: 08 | C13: 0 | D13: 00 | E13: 42120 | F13: 240 | G13: 01 | H13: 13 | J13: =J14 -> 0.5 | K13: =K14 -> 0.5 | L13: =L14 -> 0.5
A14: Администрация Паевского сельского поселения Кадошкинского муниципального района Республики Мордовия | B14: 08 | C14: 0 | D14: 00 | E14: 42120 | F14: 240 | G14: 01 | H14: 13 | I14: 918 | J14: ='Прил 2'!J39 -> 0.5 | K14: ='Прил 2'!K39 -> 0.5 | L14: ='Прил 2'!L39 -> 0.5
A15: Целевая программа "Профилактика наркомании и токсикомании на территории Паевского сельского поселения на 2022-2024 годы" | B15: 20 | J15: =J16 -> 0.5 | K15: =K16 -> 0.5 | L15: =L16 -> 0.5
A16: Мероприятия в области противодействия злоупотреблению наркотиками и их незаконному обороту | B16: 20 | C16: 0 | D16: 00 | E16: 42100 | J16: =J17 -> 0.5 | K16: =K17 -> 0.5 | L16: =L17 -> 0.5
A17: Закупка товаров, работ и услуг для обеспечения государственных (муниципальных) нужд | B17: 20 | C17: 0 | D17: 00 | E17: 42100 | F17: 200 | J17: =J18 -> 0.5 | K17: =K18 -> 0.5 | L17: =L18 -> 0.5
A18: Иные закупки товаров, работ и услуг для обеспечения государственных (муниципальных) нужд | B18: 20 | C18: 0 | D18: 00 | E18: 42100 | F18: 240 | J18: =J19 -> 0.5 | K18: =K19 -> 0.5 | L18: =L19 -> 0.5
A19: Национальная безопасность и правоохранительная деятельность | B19: 20 | C19: 0 | D19: 00 | E19: 42100 | F19: 240 | G19: 03 | J19: =J20 -> 0.5 | K19: =K20 -> 0.5 | L19: =L20 -> 0.5
A20: Другие вопросы в области национальной безопасности и правоохранительной деятельности | B20: 20 | C20: 0 | D20: 00 | E20: 42100 | F20: 240 | G20: 03 | H20: 14 | J20: =J21 -> 0.5 | K20: =K21 -> 0.5 | L20: =L21 -> 0.5
A21: Администрация Паевского сельского поселения Кадошкинского муниципального района Республики Мордовия | B21: 20 | C21: 0 | D21: 00 | E21: 42100 | F21: 240 | G21: 03 | H21: 14 | I21: 918 | J21: ='Прил 2'!J62 -> 0.5 | K21: ='Прил 2'!K62 -> 0.5 | L21: ='Прил 2'!L62 -> 0.5
A22: Антикоррупционная программа Паевского сельского поселения на 2022-2024 годы | B22: 23 | J22: =J23 -> 0.5 | K22: =K23 -> 0.5 | L22: =L23 -> 0.5
A23: Мероприятия по противодействию и профилактике коррупции | B23: 23 | C23: 0 | D23: 0 | E23: 42380 | J23: =J24 -> 0.5 | K23: =K24 -> 0.5 | L23: =L24 -> 0.5
A24: Закупка товаров, работ и услуг для обеспечения государственных (муниципальных) нужд | B24: 23 | C24: 0 | D24: 00 | E24: 42380 | F24: 200 | J24: =J25 -> 0.5 | K24: =K25 -> 0.5 | L24: =L25 -> 0.5
A25: Иные закупки товаров, работ и услуг для обеспечения государственных (муниципальных) нужд | B25: 23 | C25: 0 | D25: 00 | E25: 42380 | F25: 240 | J25: =J26 -> 0.5 | K25: =K26 -> 0.5 | L25: =L26 -> 0.5
A26: Общегосударственные вопросы | B26: 23 | C26: 0 | D26: 00 | E26: 42380 | F26: 240 | G26: 01 | J26: =J27 -> 0.5 | K26: =K27 -> 0.5 | L26: =L27 -> 0.5
A27: Другие общегосударственные вопросы | B27: 23 | C27: 0 | D27: 00 | E27: 42380 | F27: 240 | G27: 01 | H27: 13 | J27: =J28 -> 0.5 | K27: =K28 -> 0.5 | L27: =L28 -> 0.5
A28: Администрация Паевского сельского поселения Кадошкинского муниципального района Республики Мордовия | B28: 23 | C28: 0 | D28: 00 | E28: 42380 | F28: 240 | G28: 01 | H28: 13 | I28: 918 | J28: ='Прил 2'!J43 -> 0.5 | K28: ='Прил 2'!K43 -> 0.5 | L28: ='Прил 2'!L43 -> 0.5
A29: Муниципальная программа "Противодействие терроризму и экстремизму на территории Паевского сельского поселения на 2022-2024 годы" | B29: 31 | J29: =J30 -> 0.5 | K29: =K30 -> 0.5 | L29: =L30 -> 0.5
A30: Мероприятия по укреплению общественного порядка и обеспечению общественной безопасности | B30: 31 | C30: 0 | D30: 0 | E30: 42300 | J30: =J32 -> 0.5 | K30: =K32 -> 0.5 | L30: =L32 -> 0.5
A31: Закупка товаров, работ и услуг для обеспечения государственных (муниципальных) нужд | B31: 31 | C31: 0 | D31: 00 | E31: 42300 | F31: 200 | J31: =J32 -> 0.5 | K31: =K32 -> 0.5 | L31: =L32 -> 0.5
A32: Иные закупки товаров, работ и услуг для обеспечения государственных (муниципальных) нужд | B32: 31 | C32: 0 | D32: 00 | E32: 42300 | F32: 240 | J32: =J33 -> 0.5 | K32: =K33 -> 0.5 | L32: =L33 -> 0.5
A33: Общегосударственные вопросы | B33: 31 | C33: 0 | D33: 00 | E33: 42300 | F33: 240 | G33: 01 | J33: =J34 -> 0.5 | K33: =K34 -> 0.5 | L33: =L34 -> 0.5
A34: Другие общегосударственные вопросы | B34: 31 | C34: 0 | D34: 00 | E34: 42300 | F34: 240 | G34: 01 | H34: 13 | J34: =J35 -> 0.5 | K34: =K35 -> 0.5 | L34: =L35 -> 0.5
A35: Администрация Паевского сельского поселения Кадошкинского муниципального района Республики Мордовия | B35: 31 | C35: 0 | D35: 00 | E35: 42300 | F35: 240 | G35: 01 | H35: 13 | I35: 918 | J35: ='Прил 2'!J47 -> 0.5 | K35: ='Прил 2'!K47 -> 0.5 | L35: ='Прил 2'!L47 -> 0.5
A36: Обеспечение деятельности администрации | B36: 65 | J36: =J37+J44 -> 754.24 | K36: =K37+K44 -> 437.5 | L36: =L37+L44 -> 468.3
A37: Высшее должностное лицо | B37: 65 | C37: 1 | J37: =J38 -> 223.24 | K37: =K38 -> 134.5 | L37: =L38 -> 134.3
A38: Расходы на выплаты по оплате труда высшего должностного лица муниципального образования | B38: 65 | C38: 1 | D38: 00 | E38: 41150 | J38: =J41 -> 223.24 | K38: =K41 -> 134.5 | L38: =L41 -> 134.3
A39: Расходы на выплаты персоналу в целях обеспечения выполнения функций государственными (муниципальными) органами, казенными учреждениями, органами управления государственными внебюджетными фондами | B39: 65 | C39: 1 | D39: 00 | E39: 41150 | F39: 100 | J39: =J40 -> 223.24 | K39: =K40 -> 134.5 | L39: =L40 -> 134.3
A40: Расходы на выплаты персоналу государственных (муниципальных) органов | B40: 65 | C40: 1 | D40: 00 | E40: 41150 | F40: 120 | J40: =J41 -> 223.24 | K40: =K41 -> 134.5 | L40: =L41 -> 134.3
A41: Общегосударственные вопросы | B41: 65 | C41: 1 | D41: 00 | E41: 41150 | F41: 120 | G41: 01 | J41: =J42 -> 223.24 | K41: =K42 -> 134.5 | L41: =L42 -> 134.3
A42: Функционирование высшего должностного лица субъекта Российской Федерации и муниципального образования | B42: 65 | C42: 1 | D42: 00 | E42: 41150 | F42: 120 | G42: 01 | H42: 02 | J42: =J43 -> 223.24 | K42: =K43 -> 134.5 | L42: =L43 -> 134.3
A43: Администрация Паевского сельского поселения Кадошкинского муниципального района Республики Мордовия | B43: 65 | C43: 1 | D43: 00 | E43: 41150 | F43: 120 | G43: 01 | H43: 02 | I43: 918 | J43: ='Прил 2'!J15 -> 223.24 | K43: ='Прил 2'!K15 -> 134.5 | L43: ='Прил 2'!L15 -> 134.3
A44: Непрограммные расходы в рамках обеспечения деятельности администрации | B44: 65 | C44: 2 | J44: =J45+J51 -> 531 | K44: =K45+K51 -> 303 | L44: =L45+L51 -> 334
A45: Расходы на выплаты по оплате труда работников органов местного самоуправления | B45: 65 | C45: 2 | D45: 00 | E45: 41110 | J45: =J46 -> 425.3 | K45: =K48 -> 234.4 | L45: =L48 -> 213.6
A46: Расходы на выплаты персоналу в целях обеспечения выполнения функций государственными (муниципальными) органами, казенными учреждениями, органами управления государственными внебюджетными фондами | B46: 65 | C46: 2 | D46: 00 | E46: 41110 | F46: 100 | J46: =J47 -> 425.3 | K46: =K47 -> 234.4 | L46: =L47 -> 213.6
A47: Расходы на выплаты персоналу государственных (муниципальных) органов | B47: 65 | C47: 2 | D47: 00 | E47: 41110 | F47: 120 | J47: =J48 -> 425.3 | K47: =K48 -> 234.4 | L47: =L48 -> 213.6
A48: Общегосударственные вопросы | B48: 65 | C48: 2 | D48: 00 | E48: 41110 | F48: 120 | G48: 01 | J48: =J49 -> 425.3 | K48: =K49 -> 234.4 | L48: =L49 -> 213.6
A49: Функционирование Правительства Российской Федерации, высших органов исполнительной власти субъектов Российской Федерации, местных администраций | B49: 65 | C49: 2 | D49: 00 | E49: 41110 | F49: 120 | G49: 01 | H49: 04 | J49: =J50 -> 425.3 | K49: =K50 -> 234.4 | L49: =L50 -> 213.6
A50: Администрация Паевского сельского поселения Кадошкинского муниципального района Республики Мордовия | B50: 65 | C50: 2 | D50: 00 | E50: 41110 | F50: 120 | G50: 01 | H50: 04 | I50: 918 | J50: ='Прил 2'!J21 -> 425.3 | K50: ='Прил 2'!K21 -> 234.4 | L50: ='Прил 2'!L21 -> 213.6
A51: Расходы на обеспечение функций органов местного самоуправленя | B51: 65 | C51: 2 | D51: 00 | E51: 41120 | J51: =J54+J57 -> 105.7 | K51: =K54+K57 -> 68.6 | L51: =L54+L57 -> 120.4
A52: Закупка товаров, работ и услуг для обеспечения государственных (муниципальных) нужд | B52: 65 | C52: 2 | D52: 00 | E52: 41120 | F52: 200 | J52: =J53 -> 95.1 | K52: =K53 -> 42.8 | L52: =L53 -> 94.6
A53: Иные закупки товаров, работ и услуг для обеспечения государственных (муниципальных) нужд | B53: 65 | C53: 2 | D53: 00 | E53: 41120 | F53: 240 | J53: =J54 -> 95.1 | K53: =K54 -> 42.8 | L53: =L54 -> 94.6
A54: Общегосударственные вопросы | B54: 65 | C54: 2 | D54: 00 | E54: 41120 | F54: 240 | G54: 01 | J54: =J55 -> 95.1 | K54: =K55 -> 42.8 | L54: =L55 -> 94.6
A55: Функционирование Правительства Российской Федерации, высших органов исполнительной власти субъектов Российской Федерации, местных администраций | B55: 65 | C55: 2 | D55: 00 | E55: 41120 | F55: 240 | G55: 01 | H55: 04 | J55: =J56 -> 95.1 | K55: =K56 -> 42.8 | L55: =L56 -> 94.6
A56: Администрация Паевского сельского поселения Кадошкинского муниципального района Республики Мордовия | B56: 65 | C56: 2 | D56: 00 | E56: 41120 | F56: 240 | G56: 01 | H56: 04 | I56: 918 | J56: ='Прил 2'!J23 -> 95.1 | K56: ='Прил 2'!K23 -> 42.8 | L56: ='Прил 2'!L23 -> 94.6
A57: Закупка товаров, работ и услуг для обеспечения государственных (муниципальных) нужд | B57: 65 | C57: 2 | D57: 00 | E57: 41120 | F57: 800 | J57: =J58 -> 10.6 | K57: =K58 -> 25.8 | L57: =L58 -> 25.8
A58: Иные закупки товаров, работ и услуг для обеспечения государственных (муниципальных) нужд | B58: 65 | C58: 2 | D58: 00 | E58: 41120 | F58: 850 | J58: =J59 -> 10.6 | K58: =K59 -> 25.8 | L58: =L59 -> 25.8
A59: Общегосударственные вопросы | B59: 65 | C59: 2 | D59: 00 | E59: 41120 | F59: 850 | G59: 01 | J59: =J60 -> 10.6 | K59: =K60 -> 25.8 | L59: =L60 -> 25.8
A60: Функционирование Правительства Российской Федерации, высших органов исполнительной власти субъектов Российской Федерации, местных администраций | B60: 65 | C60: 2 | D60: 00 | E60: 41120 | F60: 850 | G60: 01 | H60: 04 | J60: =J61 -> 10.6 | K60: =K61 -> 25.8 | L60: =L61 -> 25.8
A61: Администрация Паевского сельского поселения Кадошкинского муниципального района Республики Мордовия | B61: 65 | C61: 2 | D61: 00 | E61: 41120 | F61: 850 | G61: 01 | H61: 04 | I61: 918 | J61: ='Прил 2'!J25 -> 10.6 | K61: ='Прил 2'!K25 -> 25.8 | L61: ='Прил 2'!L25 -> 25.8
A62: Непрограммные расходы главных распорядителей средств бюджета Паевского сельского поселения Кадошкинского муниципального района Республики Мордовия | B62: 89 | J62: =J63 -> 640.8 | K62: =K63 -> 587.9 | L62: =L63 -> 632.9
A63: Непрограммные расходы в рамках обеспечения деятельности главных распорядителей средств бюджета Паевского сельского поселения Кадошкинского муниципального района Республики Мордовия | B63: 89 | C63: 1 | J63: =J69+J75+J81+J105+J111+J117+J128+J93+J99+J122+J82 -> 640.8 | K63: =K69+K75+K81+K105+K111+K117+K128+K93+K99+K122+K82 -> 587.9 | L63: =L69+L75+L81+L105+L111+L117+L128+L93+L99+L122+L82 -> 632.9
A64: Доплаты к пенсиям муниципальных служащих | B64: 89 | C64: 1 | D64: 00 | E64: 03010 | J64: =J67 -> 104.3 | K64: =K67 -> 80.9 | L64: =L67 -> 53.9
A65: Социальное обеспечение и иные выплаты населению | B65: 89 | C65: 1 | D65: 00 | E65: 03010 | F65: 300 | J65: =J66 -> 104.3 | K65: =K66 -> 80.9 | L65: =L66 -> 53.9
A66: Публичные нормативные социальные выплаты гражданам | B66: 89 | C66: 1 | D66: 00 | E66: 03010 | F66: 310 | J66: =J67 -> 104.3 | K66: =K67 -> 80.9 | L66: =L67 -> 53.9
A67: Социальная политика | B67: 89 | C67: 1 | D67: 00 | E67: 03010 | F67: 310 | G67: 10 | J67: =J68 -> 104.3 | K67: =K68 -> 80.9 | L67: =L68 -> 53.9
A68: Пенсионное обеспечение | B68: 89 | C68: 1 | D68: 00 | E68: 03010 | F68: 310 | G68: 10 | H68: 01 | J68: =J69 -> 104.3 | K68: =K69 -> 80.9 | L68: =L69 -> 53.9
A69: Администрация Паевского сельского поселения Кадошкинского муниципального района Республики Мордовия | B69: 89 | C69: 1 | D69: 00 | E69: 03010 | F69: 310 | G69: 10 | H69: 01 | I69: 918 | J69: ='Прил 2'!J95 -> 104.3 | K69: ='Прил 2'!K95 -> 80.9 | L69: ='Прил 2'!L95 -> 53.9
A70: Резервный фонд администрации Паевского сельского поселения Кадошкинского муниципального района Республики Мордовия | B70: 89 | C70: 1 | D70: 00 | E70: 41180 | J70: =J73 -> 1 | K70: =K73 -> 1 | L70: =L73 -> 1
A71: Иные бюджетные ассигнования | B71: 89 | C71: 1 | D71: 00 | E71: 41180 | F71: 800 | J71: =J72 -> 1 | K71: =K72 -> 1 | L71: =L72 -> 1
A72: Резервные средства | B72: 89 | C72: 1 | D72: 00 | E72: 41180 | F72: 870 | J72: =J73 -> 1 | K72: =K73 -> 1 | L72: =L73 -> 1
A73: Общегосударственные вопросы | B73: 89 | C73: 1 | D73: 00 | E73: 41180 | F73: 870 | G73: 01 | J73: =J74 -> 1 | K73: =K74 -> 1 | L73: =L74 -> 1
A74: Резервные фонды | B74: 89 | C74: 1 | D74: 00 | E74: 41180 | F74: 870 | G74: 01 | H74: 11 | J74: =J75 -> 1 | K74: =K75 -> 1 | L74: =L75 -> 1
A75: Администрация Паевского сельского поселения Кадошкинского муниципального района Республики Мордовия | B75: 89 | C75: 1 | D75: 00 | E75: 41180 | F75: 870 | G75: 01 | H75: 11 | I75: 918 | J75: ='Прил 2'!J37 -> 1 | K75: ='Прил 2'!K37 -> 1 | L75: ='Прил 2'!L37 -> 1
A76: Процентные платежи по муниципальному долгу | B76: 89 | C76: 1 | D76: 00 | E76: 41240 | J76: =J79 -> 1.7 | K76: =K79 -> 1.7 | L76: =L79 -> 1.7
A77: Обслуживание государственного (муниципального) долга | B77: 89 | C77: 1 | D77: 00 | E77: 41240 | F77: 700 | J77: =J78 -> 1.7 | K77: =K78 -> 1.7 | L77: =L78 -> 1.7
A78: Обслуживание муниципального долга | B78: 89 | C78: 1 | D78: 00 | E78: 41240 | F78: 730 | J78: =J79 -> 1.7 | K78: =K79 -> 1.7 | L78: =L79 -> 1.7
A79: Обслуживание государственного и муниципального долга | B79: 89 | C79: 1 | D79: 00 | E79: 41240 | F79: 730 | G79: 13 | J79: =J80 -> 1.7 | K79: =K80 -> 1.7 | L79: =L80 -> 1.7
A80: Обслуживание государственного внутреннего и муниципального долга | B80: 89 | C80: 1 | D80: 00 | E80: 41240 | F80: 730 | G80: 13 | H80: 01 | J80: =J81 -> 1.7 | K80: =K81 -> 1.7 | L80: =L81 -> 1.7
A81: Администрация Паевского сельского поселения Кадошкинского муниципального района Республики Мордовия | B81: 89 | C81: 1 | D81: 00 | E81: 41240 | F81: 730 | G81: 13 | H81: 01 | I81: 918 | J81: ='Прил 2'!J102 -> 1.7 | K81: ='Прил 2'!K102 -> 1.7 | L81: ='Прил 2'!L102 -> 1.7
A82: Условно утверждаемые расходы | B82: 89 | C82: 1 | D82: 00 | E82: 41990 | K82: =K83 -> 23.4 | L82: =L83 -> 50.4
A83: Иные бюджетные ассигнования | B83: 89 | C83: 1 | D83: 00 | E83: 41990 | F83: 800 | K83: =K84 -> 23.4 | L83: =L84 -> 50.4
A84: Резервные средства | B84: 89 | C84: 1 | D84: 00 | E84: 41990 | F84: 870 | K84: ='Прил 2'!K105 -> 23.4 | L84: ='Прил 2'!L105 -> 50.4
A85: Условно утверждаемые расходы | B85: 89 | C85: 1 | D85: 00 | E85: 41990 | F85: 870 | G85: 99 | K85: 24.6 | L85: 52.6
A86: Условно утверждаемые расходы | B86: 89 | C86: 1 | D86: 00 | E86: 41990 | F86: 870 | G86: 99 | H86: 99 | K86: 24.6 | L86: 52.6
A87: Администрация Паевского сельского поселения Кадошкинского муниципального района Республики Мордовия | B87: 89 | C87: 1 | D87: 00 | E87: 41990 | F87: 870 | G87: 99 | H87: 99 | I87: 918 | K87: 24.6 | L87: 52.6
A88: Уличное освещение | B88: 89 | C88: 1 | D88: 00 | E88: 43010 | J88: =J91 -> 48.6 | K88: =K91 -> 1 | L88: =L91 -> 21
A89: Иные закупки товаров, работ и услуг для обеспечения государственных (муниципальных) нужд | B89: 89 | C89: 1 | D89: 00 | E89: 43010 | F89: 200 | J89: =J90 -> 48.6 | K89: =K90 -> 1 | L89: =L90 -> 21
A90: Прочая закупка товаров, работ и услуг | B90: 89 | C90: 1 | D90: 00 | E90: 43010 | F90: 240 | J90: =J91 -> 48.6 | K90: =K91 -> 1 | L90: =L91 -> 21
A91: Коммунальное хозяйство | B91: 89 | C91: 1 | D91: 00 | E91: 43010 | F91: 240 | G91: 05 | J91: =J92 -> 48.6 | K91: =K92 -> 1 | L91: =L92 -> 21
A92: Благоустройство | B92: 89 | C92: 1 | D92: 00 | E92: 43010 | F92: 240 | G92: 05 | H92: 03 | J92: =J93 -> 48.6 | K92: =K93 -> 1 | L92: =L93 -> 21
A93: Администрация Паевского сельского поселения Кадошкинского муниципального района Республики Мордовия | B93: 89 | C93: 1 | D93: 00 | E93: 43010 | F93: 240 | G93: 05 | H93: 03 | I93: 918 | J93: ='Прил 2'!J85 -> 48.6 | K93: ='Прил 2'!K85 -> 1 | L93: ='Прил 2'!L85 -> 21
A94: Прочие мероприятия по благоустройству | B94: 89 | C94: 1 | D94: 00 | E94: 43040 | J94: =J97 -> 8.2 | K94: =K97 -> 2 | L94: =L97 -> 2
A95: Иные закупки товаров, работ и услуг для обеспечения государственных (муниципальных) нужд | B95: 89 | C95: 1 | D95: 00 | E95: 43040 | F95: 200 | J95: =J96 -> 8.2 | K95: =K96 -> 2 | L95: =L96 -> 2
A96: Прочая закупка товаров, работ и услуг | B96: 89 | C96: 1 | D96: 00 | E96: 43040 | F96: 240 | J96: =J97 -> 8.2 | K96: =K97 -> 2 | L96: =L97 -> 2
A97: Коммунальное хозяйство | B97: 89 | C97: 1 | D97: 00 | E97: 43040 | F97: 240 | G97: 05 | J97: =J98 -> 8.2 | K97: =K98 -> 2 | L97: =L98 -> 2
A98: Благоустройство | B98: 89 | C98: 1 | D98: 00 | E98: 43040 | F98: 240 | G98: 05 | H98: 03 | J98: =J99 -> 8.2 | K98: =K99 -> 2 | L98: =L99 -> 2
A99: Администрация Паевского сельского поселения Кадошкинского муниципального района Республики Мордовия | B99: 89 | C99: 1 | D99: 00 | E99: 43040 | F99: 240 | G99: 05 | H99: 03 | I99: 918 | J99: ='Прил 2'!J88 -> 8.2 | K99: ='Прил 2'!K88 -> 2 | L99: ='Прил 2'!L88 -> 2
A100: Иные межбюджетные трансферты на осуществление полномочий по организации в границах поселения электро-, тепло-, газо- и водоснабжения населения, водоотведения, снабжения населения топливом в пределах полномочий, установленных законодательством Российской Федерации | B100: 89 | C100: 1 | D100: 00 | E100: 44101 | J100: =J103 -> 25.4 | K100: =K103 -> 25.4 | L100: =L103 -> 25.4
...

Sheet Прил 5
C1: Приложение 5 к решению Совета депутатов Паевского сельского поселения "О бюджете Паевского сельского поселения Кадошкинского муниципального района Республики Мордовия на 2022 год и на плановый период 2023 и 2024 годов"
A2: ИСТОЧНИКИ ВНУТРЕННЕГО ФИНАНСИРОВАНИЯ ДЕФИЦИТА БЮДЖЕТА ПАЕВСКОГО СЕЛЬСКОГО ПОСЕЛЕНИЯ КАДОШКИНСКОГО МУНИЦИПАЛЬНОГО РАЙОНА РЕСПУБЛИКИ МОРДОВИЯ НА 2022 ГОД И НА ПЛАНОВЫЙ ПЕРИОД 2023 И 2024 ГОДОВ
E3: (тыс.руб.)
A4: Код | B4: Наименование кода группы, подгруппы, статьи, вида источника финансирования дефицитов бюджетов, кода классификации операций сектора государственного управления, относящихся к источникам финансирования дефицитов бюджетов Российской Федерации | C4: Сумма (тыс. руб.)
C5: 2022 год | D5: 2023 год | E5: 2024 год
A6: 000 01 00 00 00 00 0000 000 | B6: ИСТОЧНИКИ ВНУТРЕННЕГО ФИНАНСИРОВАНИЯ ДЕФИЦИТОВ БЮДЖЕТОВ | C6: =C7+C10+C14 -> 0.04 | D6: =D7+D10+D14 -> 3.126388e-13 | E6: =E7+E10+E14 -> 1.8474111e-13
A7: 000 01 02 00 00 00 0000 000 | B7: Кредиты кредитных организаций в валюте Российской Федерации | C7: =SUM(C8) -> 0 | D7: =SUM(D8) -> 0 | E7: =SUM(E8) -> 0
A8: 000 01 02 00 00 00 0000 700 | B8: Получение кредитов от кредитных организаций в валюте Российской Федерации | C8: =SUM(C9) -> 0 | D8: =SUM(D9) -> 0 | E8: =SUM(E9) -> 0
A9: 000 01 02 00 00 10 0000 710 | B9: Получение кредитов от кредитных организаций бюджетами сельских поселений в валюте Российской Федерации | C9: 0 | D9: 0 | E9: 0
A10: 000 01 03 00 00 00 0000 000 | B10: Бюджетные кредиты из других бюджетов бюджетной системы Российской Федерации | C10: =C11 -> -47 | D10: =D11 -> -70.4 | E10: =E11 -> -93.8
A11: 000 01 03 01 00 00 0000 800 | B11: Погашение бюджетных кредитов, полученных из других бюджетов бюджетной системы Российской Федерации в валюте Российской Федерации | C11: =C12 -> -47 | D11: =D12 -> -70.4 | E11: =E12 -> -93.8
A12: 000 01 03 01 00 10 0000 800 | B12: Погашение бюджетных кредитов, полученных из других бюджетов бюджетной системы Российской Федерации в валюте Российской Федерации | C12: =SUM(C13) -> -47 | D12: =SUM(D13) -> -70.4 | E12: =SUM(E13) -> -93.8
A13: 000 01 03 01 00 10 0000 810 | B13: Погашение бюджетами сельских поселений кредитов из других бюджетов бюджетной системы Российской Федерации в валюте Российской Федерации | C13: =-47 -> -47 | D13: -70.4 | E13: -93.8
A14: 000 01 05 00 00 00 0000 000 | B14: Изменение остатков средств на счетах по учету средств бюджетов | C14: =C17+C18 -> 47.04 | D14: =D17+D18 -> 70.4 | E14: =E17+E18 -> 93.8
A15: 000 01 05 02 00 00 0000 500 | B15: Увеличение прочих остатков средств бюджетов | C15: =SUM(C16) -> -1397 | D15: =SUM(D16) -> -1027.4 | E15: =SUM(E16) -> -1103.2
A16: 000 01 05 02 01 00 0000 510 | B16: Увеличение прочих остатков денежных средств бюджетов | C16: =SUM(C17) -> -1397 | D16: =SUM(D17) -> -1027.4 | E16: =SUM(E17) -> -1103.2
A17: 000 01 05 02 01 10 0000 510 | B17: Увеличение прочих остатков денежных средств бюджетов сельских поселений | C17: =-('Прил 1'!C7+C9) -> -1397 | D17: =-('Прил 1'!D7+D9) -> -1027.4 | E17: =-('Прил 1'!E7+E9) -> -1103.2
A18: 000 01 05 02 00 00 0000 600 | B18: Уменьшение прочих остатков средств бюджетов | C18: =SUM(C19) -> 1444.04 | D18: =SUM(D19) -> 1097.8 | E18: =SUM(E19) -> 1197
A19: 000 01 05 02 01 00 0000 610 | B19: Уменьшение прочих остатков денежных средств бюджетов | C19: =SUM(C20) -> 1444.04 | D19: =SUM(D20) -> 1097.8 | E19: =SUM(E20) -> 1197
A20: 000 01 05 02 01 10 0000 610 | B20: Уменьшение прочих остатков денежных средств бюджетов сельских поселений | C20: ='Прил 3 '!I7-C13 -> 1444.04 | D20: ='Прил 3 '!J7-D13 -> 1097.8 | E20: ='Прил 3 '!K7-E13 -> 1197

Sheet Прил 6
C1: Приложение 6 к решению Совета депутатов Паевского сельского поселения "О бюджете Паевского сельского поселения Кадошкинского муниципального района Республики Мордовия на 2022 год и на плановый период 2023 и 2024 годов"
A2: ПРОГРАММА МУНИЦИПАЛЬНЫХ ВНУТРЕННИХ ЗАИМСТВОВАНИЙ ПАЕВСКОГО СЕЛЬСКОГО ПОСЕЛЕНИЯ КАДОШКИНСКОГО МУНИЦИПАЛЬНОГО РАЙОНА РЕСПУБЛИКИ МОРДОВИЯ НА 2022 ГОД И НА ПЛАНОВЫЙ ПЕРИОД 2023 И 2024 ГОДОВ
A5: № п/п | B5: Виды заимствований | C5: Сумма (тыс.руб.)
C6: 2022 год | D6: 2023 год | E6: 2024 год
A7: 1 | B7: 2 | C7: 3 | D7: 4 | E7: 5
A8: I | B8: Кредиты кредитных организаций в валюте Российской Федерации | C8: =C10 -> 0 | D8: =D10 -> 0 | E8: =E10 -> 0
B9: в том числе:
A10: 1 | B10: Объем привлечения
A11: 2 | B11: Объем средств, напрвляемых на погашение основной суммы долга
A12: II | B12: Бюджетные кредиты от других бюджетов бюджетной системы Российской Федерации | C12: =C15 -> -47 | D12: =D15 -> -70.4 | E12: =E15 -> -93.8
B13: в том числе
A14: 1 | B14: Объем привлечения
A15: 2 | B15: Объем средств, напрвляемых на погашение основной суммы долга | C15: -47 | D15: -70.4 | E15: -93.8
B16: ВСЕГО | C16: =C10+C15 -> -47 | D16: =D10+D15 -> -70.4 | E16: =E10+E15 -> -93.8
